 Dungeon Crawl Stone Soup version 0.27-a0-1177-g245c70e1c0 (webtiles) character file.

Game seed: 14439411721280330597

220 Vomitron the Bolt Thrower (level 6, -1/37 HPs)
             Began as a Kobold Hunter on May 17, 2021.
             Slain by Ijyb
             ... wielding a +4 dagger of freezing
              (8 damage)
             ... on level 4 of the Dungeon.
             The game lasted 00:08:07 (4204 turns).

Vomitron the Bolt Thrower (Kobold Hunter)           Turns: 4204, Time: 00:08:07

Health: -1/37      AC:  5    Str: 10    XL:     6   Next: 18%
Magic:  6/6        EV: 14    Int: 12    God:
Gold:   111        SH:  0    Dex: 23    Spells: 5/5 levels left

rFire    . . .     SeeInvis .   b - +1 dagger (venom)
rCold    . . .     Faith    .   (shield restricted)
rNeg     . . .     Spirit   .   g - +0 ring mail
rPois    .         Reflect  .   (no helmet)
rElec    .         Harm     .   (no cloak)
rCorr    .         Rampage  .   (no gloves)
Will     .....                  (no boots)
Stlth    +++.......             (no amulet)
HPRegen  0.12/turn              j - +6 ring of dexterity
MPRegen  0.10/turn              (no ring)

@: no status effects
A: small, no large weapons, nightstalker 3
a: no special abilities


You were on level 4 of the Dungeon.
You visited 1 branch of the dungeon, and saw 4 of its levels.

You collected 111 gold pieces.

Inventory:

Hand Weapons
 a - a +1 hand crossbow
 b - a +1 dagger of venom (weapon)
 n - a +0 short sword
Missiles
 d - 10 bolts
 i - 7 datura-tipped darts (quivered)
Armour
 c - a +0 leather armour
 g - a +0 ring mail (worn)
Jewellery
 j - a +6 ring of dexterity (left hand)
Scrolls
 k - a scroll of fog
 o - a scroll of noise
Potions
 e - a potion of heal wounds
 l - 2 potions of lignification
 m - a potion of haste
 p - a potion of magic


   Skills:
 + Level 3.4 Fighting
 + Level 3.0 Short Blades
 + Level 5.7 Crossbows
 + Level 3.8 Dodging
 + Level 3.7 Stealth


You had 5 spell levels left.
You didn't know any spells.
Your spell library contained the following spells:

 Spells                   Type           Power      Damage    Failure   Level
 Animate Skeleton         Necr           0%         N/A       65%         1
 Pain                     Necr           0%         1d4       65%         1
 Confusing Touch          Hex            0%         N/A       95%         3
 Gell's Gravitas          Tloc           0%         N/A       95%         3
 Vampiric Draining        Necr           0%         2d6       95%         3
 Animate Dead             Necr           0%         N/A       100%        4
 Petrify                  Tmut/Erth      0%         N/A       100%        4
 Agony                    Necr           0%         N/A       100%        5
 Metabolic Englaciation   Hex/Ice        0%         N/A       100%        5
 Yara's Violent Unravell  Hex/Tmut       0%         3d3       100%        5


Dungeon Overview and Level Annotations

Branches:
Dungeon (4/15)
 Temple: D:4-7

Altars:
Kikubaaqudgha

Shops:
D:3 [

Annotations:
D:4 Ijyb


Innate Abilities, Weirdness & Mutations

You are small and have problems with some larger weapons.
You are completely attuned to the shadows.


Message History

Ijyb the Twisted Goblin comes into view.
She is wielding a +4 dagger of freezing and carrying a wand of iceblast (5).
You see here a bolt.
Your +1 dagger of venom begins to drip with poison!
b - a +1 dagger of venom (weapon)
Ijyb shouts!
You closely miss Ijyb.
Ijyb hits you with a +4 dagger of freezing.
Ijyb freezes you.
You barely miss Ijyb. Ijyb closely misses you.
You completely miss Ijyb.
Ijyb hits you with a +4 dagger of freezing.
Ijyb freezes you.
You hit Ijyb.
Ijyb is poisoned.
Ijyb is lightly wounded.
Ijyb hits you with a +4 dagger of freezing.
Ijyb freezes you.
You hit Ijyb.
Ijyb looks as sick as possible!
Ijyb is lightly wounded.
You hit Ijyb but do no damage.
Ijyb looks as sick as possible!
Ijyb is lightly wounded.
Ijyb hits you with a +4 dagger of freezing.
Ijyb freezes you.
You hit Ijyb.
Ijyb looks as sick as possible!
Ijyb is moderately wounded.
Ijyb hits you with a +4 dagger of freezing!
Ijyb freezes you.
* * * LOW HITPOINT WARNING * * *
You hit Ijyb but do no damage.
Ijyb looks as sick as possible!
Ijyb is heavily wounded.
Ijyb misses you.
You closely miss Ijyb.
Ijyb is heavily wounded.
Ijyb hits you with a +4 dagger of freezing.
* * * LOW HITPOINT WARNING * * *
Ijyb freezes you.
* * * LOW HITPOINT WARNING * * *
You hit Ijyb but do no damage.
Ijyb is severely wounded.
Ijyb hits you with a +4 dagger of freezing!
You die...

## #...##
#.....##
........#####
.....#...@g...
......(...###.
#.....(...#
.##.......##
.........##
##...#...#
#..###..# ##
##.## #.#
...#.##


You could see Ijyb (extremely poisoned).

Vanquished Creatures
  A centaur skeleton (D:4)
  Natasha (thrice) (D:3)
  3 gnolls (D:3)
  2 adders
  2 worms
  5 orcs (D:3)
  3 ball pythons (D:1)
  5 endoplasms
  A giant cockroach (D:3)
  3 goblins
  9 hobgoblins
  7 kobolds
  A quokka (D:4)
  6 bats
  7 frilled lizards
  7 rats
65 creatures vanquished.

Vanquished Creatures (collateral kills)
  A kobold (D:2)
1 creature vanquished.

Vanquished Creatures (others)
  A kobold (D:2)
  4 plants (D:2)
5 creatures vanquished.

Grand Total: 71 creatures vanquished

Notes
Turn   | Place    | Note
-------+----------+-------------------------------------------
     0 | D:1      | Vomitron the Kobold Hunter began the quest for the Orb.
     0 | D:1      | Reached XP level 1. HP: 12/12 MP: 1/1
   394 | D:1      | Reached XP level 2. HP: 18/18 MP: 2/2
   580 | D:1      | Reached skill level 1 in Short Blades
   636 | D:1      | Reached skill level 5 in Crossbows
  1316 | D:2      | Reached XP level 3. HP: 17/22 MP: 3/3
  2072 | D:2      | Reached XP level 4. HP: 27/27 MP: 4/4
  2979 | D:3      | Found an ancient bone altar of Kikubaaqudgha.
  3006 | D:3      | Found Diobb's Antique Armour Shop.
  3170 | D:3      | Reached XP level 5. HP: 32/32 MP: 5/5
  3226 | D:3      | Noticed Natasha
  3230 | D:3      | Killed Natasha
  3538 | D:3      | Noticed Natasha
  3547 | D:3      | Killed Natasha
  3903 | D:3      | Noticed Natasha
  3919 | D:3      | Killed Natasha
  3920 | D:3      | Reached XP level 6. HP: 37/37 MP: 6/6
  4190 | D:4      | Noticed Ijyb
  4204 | D:4      | Slain by Ijyb

Illustrated notes

Levels and vault maps discovered:
D:1:      minmay_arrival_glassed_features, layout_basic, bh_walls_and_bars
D:2:      layout_loops_ring, lexackson_kobold_supper
D:3:      layout_basic, kiku_gazebo_pond_becter, serial_shops, shop,
          corexii_corridor_pit, kennysheep_nondescript, uniq_natasha
D:4:      layout_loops_cross, uniq_ijyb

Skill      XL: |  1  2  3  4  5  6 |
---------------+-------------------+-----
Short Blades   | 1 2 3 |  3.0
Crossbows      | 5 |  5.7
Stealth        | 2 3 |  3.7
Dodging        | 3 |  3.8
Fighting       | 3 |  3.4

Action                   |  1- 3 |  4- 6 || total
-------------------------+-------+-------++-------
Melee: Short sword       |    83 |       ||    83
       Dagger            |    10 |    73 ||    83
 Fire: Hand crossbow     |    12 |    25 ||    37
Throw: Dart              |     1 |       ||     1
  Use: Scroll            |       |     6 ||     6
 Stab: Sleeping          |     8 |     9 ||    17
       Distracted        |     1 |       ||     1
Armor: Ring mail         |    29 |     6 ||    35
Dodge: Dodged            |    78 |    34 ||   112

Table legend: (Time is in decaauts)
 A = Elapsed time spent in this place.
 B = Non-inter-level travel time spent in this place.
 C = Inter-level travel time spent in this place.
 D = Time resting spent in this place.
 E = Time spent auto-exploring this place.
 F = Levels seen in this place.
 G = Mean time per level.
                   A        B        C        D        E       F      G
               +--------+--------+--------+--------+--------+-----+--------+
         Total |   4188 |   3711 |    477 |    498 |   2655 |   4 | 1047.0 |
       Dungeon |   4188 |   3711 |    477 |    498 |   2655 |   4 | 1047.0 |
               +--------+--------+--------+--------+--------+-----+--------+

Top non-repeatable levels by time:
     D:3: 1886 daAuts
     D:1: 1247 daAuts
     D:2: 923 daAuts
     D:4: 131 daAuts
